AoeStats
← olivera.mariano

Nomad

510634395Analyzed
3v3 RM · 2d ago on Oct 1, 2026· 15m 20s· 6 players
Game mode
Random Map
Map size
210×210
Population
200
Speed
Normal
Resources
Standard
Victory
Conquest
Starting age
Dark Age
Ending age
Imperial Age
RankedLock teamsTeams togetherTeam positionsShared explorationLock speedFull tech treeHidden civsTurbo modeCheats
Victory
Defeat
🇦🇷 Romans · Argentina
923
+11
🇦🇷 Saracens · Argentina
759
+18
🇦🇷 Vietnamese · Argentina
691
+21
🇦🇹 Byzantines · Austria
832
-40
🇩🇪 Ethiopians · Germany
806
-17
🇧🇷 Vikings · Brazil
766
-15
Dg
15:33 Loom
iLCavalierodeNotche
4:23 Loom
Kassiber
Camalote
5:53 Loom
14:06 Feudal Age
fedetiberio
5:21 Loom
17:04 Feudal Age
olivera.mariano
9:21 Loom
13:59 Feudal Age
15:15 Wheelbarrow
14:24 Fishing Lines
14:26 Horse Collar
15:28 Double-Bit Axe
Connection lost

Rejoining the realm…

Still unreachable

The connection could not be restored.

Session expired

The server has moved on; the page needs a fresh start.